 Dungeon Crawl Stone Soup version 0.23-a0-655-g3751e1c (webtiles) character file.

1409 Lavandula the Slinger (level 9, -4/51 (52) HPs)
             Began as a Halfling Arcane Marksman on Jan 8, 2019.
             Killed by divine providence
             ... invoked by an orc priest
              (10 damage)
             ... on level 7 of the Dungeon.
             The game lasted 00:15:11 (2315 turns).

Lavandula the Slinger (Halfling Arcane Marksman)    Turns: 2315, Time: 00:15:12

HP:   -4/51 (52)    AC:  4    Str: 17    XL:     9   Next: 1%
MP:   10/10         EV: 30    Int: 12    God:
Gold: 190           SH:  0    Dex: 18    Spells: 5/10 levels left

rFire    . . .     SeeInvis +   a - +2 hunting sling
rCold    . . .     Gourm    .   (shield restricted)
rNeg     . . .     Faith    .   e - +0 robe
rPois    .         Spirit   .   y - +0 helmet
rElec    .         Reflect  .   i - +0 cloak
rCorr    .         Harm     .   (no gloves)
MR       .....                  (no boots)
Stlth    ++........             l - amulet of the acrobat
HPRegen  0.17/turn              k - ring of see invisible
MPRegen  0.12/turn              v - +2 ring of dexterity

@: mighty, acrobat
A: small, mutation resistance 1
a: no special abilities


You were on level 7 of the Dungeon.
You were near starving.

You visited 1 branch of the dungeon, and saw 8 of its levels.

You collected 190 gold pieces.

Inventory:

Hand Weapons
 a - a +2 hunting sling (weapon)
Missiles
 m - 133 stones (quivered)
Armour
 e - a +0 robe (worn)
 i - a +0 cloak (worn)
 p - a cursed +0 buckler
 y - a +0 helmet (worn)
Jewellery
 j - an uncursed ring of protection from cold
 k - a ring of see invisible (left hand)
 l - an amulet of the acrobat (around neck)
 v - a +2 ring of dexterity (right hand)
Scrolls
 c - a scroll of teleportation
 g - 4 scrolls of remove curse
 o - a scroll of magic mapping {unknown}
 q - 7 scrolls of identify {unknown}
 r - a scroll of noise {unknown}
 s - a scroll of amnesia {unknown}
 t - 3 scrolls of random uselessness
 u - 2 scrolls of fear {unknown}
 x - a scroll of enchant armour {unknown}
Potions
 b - a potion of invisibility
 h - a potion of agility {unknown}
 n - a potion of cancellation {unknown}
 z - a potion of lignification {unknown}
 A - a potion of flight {unknown}
Comestibles
 f - 10 rations


   Skills:
 - Level 0.8 Fighting
 - Level 10.4 Slings
 - Level 2.1 Dodging
 - Level 1.0 Spellcasting
 - Level 2.4 Hexes
 + Level 5.7 Charms
 - Level 4.3 Necromancy


You had 5 spell levels left.
You knew the following spells:

 Your Spells              Type           Power        Failure   Level  Hunger
a - Corona                Hex            #......      12%         1    ##.....
b - Animate Skeleton      Necr           N/A          5%          1    ##.....
c - Regeneration          Chrm/Necr      ##........   12%         3    ####...

Your spell library contained the following spells:

 Spells                   Type           Power        Failure   Level  Hunger
 Pain                     Necr           ##..         5%          1    ##.....
 Vampiric Draining        Necr           ##........   16%         3    ####...
 Slow                     Hex            #.......     17%         2    ###....
 Animate Dead             Necr           N/A          45%         4    #####..
 Inner Flame              Hex/Fire       #.......     50%         3    ####...
 Portal Projectile        Hex/Tloc       #.....       50%         3    ####...
 Cause Fear               Hex            #.........   75%         4    #####..
 Leda's Liquefaction      Hex/Erth       #.........   88%         4    #####..


Dungeon Overview and Level Annotations

Branches:
Dungeon (8/15)
 Temple: D:4-7         Lair: D:8-11

Altars:
Dithmenos
Uskayaw

Shops:
D:6 %

Annotations:
D:3 2 runed doors, kal9871's ghost, amateur OgBe
D:7 exclusion: centaur


Innate Abilities, Weirdness & Mutations

You are small and have problems with some larger weapons.
You are somewhat resistant to further mutation.


Message History

The stone hits the orc warrior!
The orc warrior is severely wounded.
The orc warrior closely misses you.
The orc priest invokes the aid of Beogh against you.
Beogh smites you!
An orc priest comes into view. It is wielding a +0 trident.
The orc priest shouts!
You hear a horrible gurgling sound!
The orc priest invokes the aid of Beogh against you.
Beogh smites you!
* * * LOW HITPOINT WARNING * * *
Unknown command.
It was a potion of might.
You feel very mighty all of a sudden.
Unknown command.
The orc warrior completely misses you.
A white ugly thing comes into view.
The orc priest completely misses you.
The orc priest calls down the wrath of Beogh upon you.
Beogh smites you!
You die...

(.(...o....#####.....####...
.(.....(...##........# #...
.....(.(...('........# #...
.../.......##........# #...
......#######........# #...
.....................####...
......u..ooo..........##...
..##.................##...
.......@..............##
..)..<...##########.....
......)..###### ###.....
...###........###....... ...
#.................. .
#..................
#####..............
..#####..............
.....................


You could see a white ugly thing (wandering), an orc warrior, an orc priest and
an orc.

Vanquished Creatures
  A hungry ghost (D:7)
  A sky beast (D:7)
  An ogre (D:4)
  A necrophage (D:6)
  A centaur (D:5)
  Blork the orc (D:4)
  4 bullfrogs
  A wyvern zombie (D:6)
  A scorpion (D:5)
  2 water moccasin skeletons (D:7)
  2 howler monkeys (D:7)
  A crimson imp (D:6)
  A bullfrog zombie (D:6)
  A centaur zombie (D:7)
  A hound (D:6)
  A centaur skeleton (D:7)
  2 worker ants
  A hound skeleton (D:4)
  8 adders
  4 shadow imps
  An ooze (D:3)
  2 adder skeletons
  A worm (D:2)
  A dart slug (D:4)
  3 leopard geckos
  An orc (D:7)
  A bat (D:3)
  A giant cockroach (D:3)
  8 goblins
  3 hobgoblins
  4 jackals (D:3)
  9 kobolds
  2 quokkas
  4 frilled lizards
  2 quokka skeletons
  4 rats
83 creatures vanquished.

Notes
Turn   | Place    | Note
-------+----------+-------------------------------------------
     0 | D:1      | Lavandula the Halfling Arcane Marksman began the quest for
                  | the Orb.
     0 | D:1      | Reached XP level 1. HP: 12/12 MP: 2/2
    45 | D:2      | Found a hide-covered altar of Uskayaw.
    45 | D:2      | Noticed a +0 hand axe
    45 | D:2      | Noticed a +0 dagger
    78 | D:2      | Reached XP level 2. HP: 18/18 MP: 3/3
    82 | D:2      | Reached skill level 4 in Slings
   292 | D:2      | Reached XP level 3. HP: 22/22 MP: 4/4
   312 | D:2      | Reached skill level 5 in Slings
   480 | D:2      | Reached skill level 6 in Slings
   480 | D:2      | Reached XP level 4. HP: 23/27 MP: 5/5
   699 | D:3      | Reached XP level 5. HP: 32/32 MP: 6/6
   710 | D:3      | Reached skill level 7 in Slings
   759 | D:3      | Found a large runed door.
   760 | D:3      | Found a large runed door.
   762 | D:3      | Noticed kal9871's ghost (amateur OgBe)
   842 | D:4      | Noticed Blork the orc
   858 | D:4      | Killed Blork the orc
   858 | D:4      | Reached skill level 8 in Slings
   926 | D:4      | Noticed an ogre
   935 | D:4      | Killed an ogre
   935 | D:4      | Reached skill level 9 in Slings
   935 | D:4      | Reached XP level 6. HP: 23/37 MP: 3/7
  1033 | D:5      | Entered Level 5 of the Dungeon
  1200 | D:5      | Reached XP level 7. HP: 26/42 MP: 8/8
  1238 | D:5      | Reached skill level 10 in Slings
  1298 | D:4      | Learned a level 1 spell: Animate Skeleton
  1302 | D:4      | Learned a level 3 spell: Regeneration
  1452 | D:6      | Reached skill level 1 in Necromancy
  1654 | D:6      | Found a shadowy altar of Dithmenos.
  1688 | D:6      | Reached XP level 8. HP: 47/47 MP: 9/9
  1801 | D:6      | Found Xijelug's Food Shoppe.
  1998 | D:7      | Reached skill level 1 in Charms
  2303 | D:7      | Reached skill level 5 in Charms
  2303 | D:7      | Reached XP level 9. HP: 49/51 MP: 10/10
  2314 | D:7      | Noticed a white ugly thing
  2315 | D:7      | Killed from afar by an orc priest

Vault maps used:
D:1:      doesnt_arrival_eight_statues, minmay_tiny_reverse_x
D:2:      dancing_weapons_uskayaw
D:3:      ebering_ghost_disaster_area, fedhas_altar_fruit_tree
D:4:      uniq_blork_the_orc
D:5:      nicolae_overflow_crystal_walls, first_ration, serial_park_tiny_1
D:6:      grunt_dithmenos_shadows, lemuel_temple_firewalk_b, serial_shops,
          nicolae_shop_crystal
D:8:      minmay_the_grid_octo_2x2, ashenzari_altar_1, serial_shops,
          nicolae_shop_window_shopping

Skill      XL: |  1  2  3  4  5  6  7  8 |
---------------+-------------------------+-----
Slings         | 4 6 9 10 | 10.4
Necromancy     | 3 4 |  4.3
Charms         | 5 |  5.7
Fighting       | |  0.8
Dodging        | |  2.1
Spellcasting   | |  1.0
Hexes          | |  2.4

Action                   |  1- 3 |  4- 6 |  7- 9 || total
-------------------------+-------+-------+-------++-------
 Fire: Hunting sling     |    74 |   136 |   147 ||   357
 Cast: Corona            |     3 |     3 |     1 ||     7
       Animate Skeleton  |       |       |     5 ||     5
Evoke: Wand              |       |     2 |     2 ||     4
  Use: Potion            |     2 |     1 |     1 ||     4
       Scroll            |       |     5 |       ||     5
  Eat: Chunk             |       |     1 |     2 ||     3
Armor: Robe              |     2 |     3 |     2 ||     7
Dodge: Dodged            |    18 |    37 |    26 ||    81

Table legend:
 A = Non-vault XP
 B = Vault XP
 C = Vault XP percentage of total XP
 D = Non-vault monster count
 E = Vault monster count
 F = Vault count percentage of total count
                 A         B        C        D         E       F
            +---------+---------+-------+---------+---------+-------
      Total |    1907 |     106 |   5.3 |      81 |       2 |   2.4
            +---------+---------+-------+---------+---------+-------
        D:1 |       5 |       0 |   0.0 |       3 |       0 |   0.0
        D:2 |      85 |       0 |   0.0 |      22 |       0 |   0.0
        D:3 |      62 |       0 |   0.0 |      19 |       0 |   0.0
        D:4 |     176 |      96 |  35.3 |       4 |       1 |  20.0
        D:5 |     207 |       0 |   0.0 |       7 |       0 |   0.0
        D:6 |     637 |      10 |   1.5 |      14 |       1 |   6.7
        D:7 |     724 |       0 |   0.0 |      11 |       0 |   0.0
        D:8 |      11 |       0 |   0.0 |       1 |       0 |   0.0
            +---------+---------+-------+---------+---------+-------
